 Dungeon Crawl Stone Soup version 0.19.0-19-g8c6edcc (webtiles) character file.

884 cedor the Cudgeler (level 7, 0/51 HPs)
             Began as a Demonspawn Skald on Nov 12, 2016.
             Was a High Priest of Jiyva.
             Slain by an ogre
             ... wielding a +0 giant club
              (11 damage)
             ... on level 6 of the Dungeon.
             The game lasted 00:22:32 (5255 turns).

cedor the Cudgeler (Demonspawn Skald)               Turns: 5255, Time: 00:22:34

Health: 0/51       AC: 15    Str: 15    XL:     7   Next: 76%
Magic:  0/10       EV: 10    Int: 19    God:    Jiyva [*****.]
Gold:   180        SH:  4    Dex: 13    Spells: 2 memorised, 7 levels left

rFire  + . .     SeeInvis +     z - +5 hand axe of Hospitality {protect, +Inv rF+ Int+3 SInv}
rCold  + . .     Gourm    .     g - +0 ring mail {rC+}
rNeg   . . .     Faith    .     h - +0 buckler
rPois  .         Spirit   +     (helmet restricted)
rElec  .         Reflect  .     t - +1 cloak
rCorr  +         Harm     .     (no gloves)
MR     +....                    (no boots)
Stlth  +.........               (no amulet)
                                (no ring)
                                (no ring)

@: protection aura
A: antennae 2, hooves 1, thin skeletal structure 1, magic resistance 1, powered
by death 1, strong 1, magic shield
a: Request Jelly, Slimify, Cure Bad Mutation, Renounce Religion, Evoke
Invisibility


You were on level 6 of the Dungeon.
You worshipped Jiyva.
Jiyva was extremely pleased with you.
You were not hungry.

You visited 1 branch of the dungeon, and saw 6 of its levels.

You collected 180 gold pieces.


Innate Abilities, Weirdness & Mutations

You have a pair of antennae on your head.
You have a somewhat thin skeletal structure. (Dex +2, Stealth)
You regenerate a little health from kills.
When hurt, damage is shared between your health and your magic reserves.
You have large cloven feet.
You are resistant to hostile enchantments. (MR+)
Your muscles are strong. (Str +2)


   Skills:
 + Level 2.4 Fighting
 * Level 5.7 Maces & Flails
 + Level 3.7 Armour
 - Level 1.1 Dodging
 * Level 1.3 Shields
 - Level 2.0 Spellcasting
 - Level 3.0 Charms
 - Level 3.1 Translocations
 + Level 1.1 Evocations


You had 7 spell levels left.
You knew the following spells:

 Your Spells              Type           Power        Failure   Level  Hunger
a - Shroud of Golubria    Chrm/Tloc      ##........   21%         2    ###....
z - Infusion              Chrm           ##..         14%         1    #......

Inventory:

Hand Weapons
 a - a +1 whip of flaming
 s - a +1 dire flail of draining
 z - the +5 hand axe of Hospitality (weapon) {protect, +Inv rF+ Int+3 SInv}

   It protects the one who uses it against injury (+AC on strike).
   It affects your intelligence (+3).
   It protects you from fire.
   It lets you see invisible.
   It lets you turn invisible.
Missiles
 j - 105 stones
 v - 4 tomahawks (quivered)
Armour
 g - a +0 ring mail of cold resistance (worn)
 h - a +0 buckler (worn)
 n - a +4 scale mail
 t - a +1 cloak (worn)
Wands
 y - a wand of paralysis (3/24)
Scrolls
 e - a scroll of enchant weapon
 i - a scroll of fog
 k - 4 scrolls of teleportation {@r4}
 p - 2 scrolls of amnesia
 q - 3 scrolls of remove curse
 x - a scroll of identify {@r1}
 A - a scroll of fear {unknown}
Potions
 b - 2 potions of heal wounds {@q2}
 f - 3 potions of curing {@q1}
 l - a potion of degeneration {unknown}
 m - 3 potions of cure mutation
 o - a potion of haste {unknown}
 r - a potion of resistance
 u - a potion of brilliance {unknown}
Books
 c - a book of Battle

   Spells                             Type                      Level
   a - Infusion                       Charms                       1
   b - Shroud of Golubria             Charms/Translocation         2
   c - Song of Slaying                Charms                       2
   d - Spectral Weapon                Hexes/Charms                 3
   e - Regeneration                   Charms/Necromancy            3
 w - a book of Frost

   Spells                             Type                      Level
   a - Freeze                         Ice                          1
   b - Throw Frost                    Conjuration/Ice              2
   c - Ozocubu's Armour               Charms/Ice                   3
   d - Throw Icicle                   Conjuration/Ice              4
   e - Summon Ice Beast               Ice/Summoning                4
Comestibles
 d - 2 bread rations

Dungeon Overview and Level Annotations

Branches:
Dungeon (6/15)
 Temple: D:4-7

Altars:
Fedhas
Qazlal
Trog
Jiyva

Annotations:
D:2 Crazy Yiuf

.. ... ▒...
....▒ ▒▒....▒
.......
▒▒▒▒▒▒O.....▒
▒<...6).....▒
▒.▒▒▒▒)......
▒.▒ .....▒.
▒.▒ ...▒▒▒
▒.▒ ▒..▒ ▒.▒
.▒▒ ..▒ ▒▒
.▒▒


You could see an ogre.


Message History

You slash the orc wizard! Your kick misses the orc wizard.
The orc wizard is heavily wounded.
You closely miss the orc priest.
The orc wizard hits you but does no damage.
You block the orc priest's attack.
You hit the orc wizard.
You kick the orc wizard, but do no damage.
The orc wizard is severely wounded.
You hit the ogre. You hit the orc priest. The orc wizard closely misses you.
The orc priest hits you but does no damage.
The ogre closely misses you.
The orc wizard hits you but does no damage.
You hit the orc wizard.
The orc wizard is almost dead.
You hit the orc priest. You barely miss the ogre.
The orc priest completely misses you. The ogre hits you with a giant club!
The orc wizard hits you but does no damage.
The orc priest calls down the wrath of Beogh upon you.
You resist with some effort.
Unknown command.
You slash the orc wizard!
You kill the orc wizard!
You closely miss the orc priest. You hit the ogre.
The ogre hits you with a giant club!!
* * * LOW HITPOINT WARNING * * *
The orc priest hits you but does no damage.
You slash the orc priest!
You kill the orc priest!
You hit the ogre. The ogre hits you with a giant club!
You die...

Action                   |  1- 3 |  4- 6 |  7- 9 || total
-------------------------+-------+-------+-------++-------
Melee: Mace              |   144 |     7 |       ||   151
       Whip              |       |   161 |    90 ||   251
       Kick              |       |     2 |    38 ||    40
       Hand axe          |       |       |     9 ||     9
Throw: Stone             |    14 |     1 |     2 ||    17
       Tomahawk          |       |       |     1 ||     1
 Cast: Infusion          |     7 |     6 |     4 ||    17
       Shroud of Golubri |       |     1 |     1 ||     2
Invok: Request Jelly     |       |     4 |     3 ||     7
Evoke: Wand              |       |       |     1 ||     1
  Use: Scroll            |       |    11 |       ||    11
       Potion            |       |       |     1 ||     1
 Stab: Paralysed         |       |       |    11 ||    11
  Eat: Chunk             |     5 |     3 |     2 ||    10
       Pizza             |       |     1 |       ||     1
Armor: Leather armour    |     9 |       |       ||     9
       Ring mail         |    18 |       |    26 ||    44
       Scale mail        |    61 |    78 |     1 ||   140
Dodge: Dodged            |   114 |    61 |    38 ||   213
Block: Buckler           |       |       |    12 ||    12

Vault maps used:
D:1:      dpeg_arrival_short_road, minmay_misc_feat_enclosed, minivault_14
D:2:      eino_tiny_chamber, minmay_misc_feat_five, uniq_crazy_yiuf_cottage
D:3:      chequers_temple_overflow_minitemple, lemuel_crystal_altar,
          uniq_terence, uniq_natasha
D:4:      old_forge, first_bread, fedhas_altar_fruit_tree, uniq_edmund
D:5:      uniq_prince_ribbit1
D:6:      basic_altar, minmay_misc_feat_tower, makhleb_blood_cavern_becter

Notes
Turn   | Place    | Note
-------+----------+-------------------------------------------
     0 | D:1      | cedor the Demonspawn Skald began the quest for the Orb.
     0 | D:1      | Reached XP level 1. HP: 16/16 MP: 3/3
    70 | D:1      | Reached skill level 2 in Maces & Flails
   101 | D:1      | Reached skill level 1 in Dodging
   111 | D:1      | Gained mutation: You regenerate a little health from kills. [demonic ancestry]
   111 | D:1      | Reached XP level 2. HP: 12/22 MP: 0/5
   133 | D:1      | Reached skill level 1 in Armour
   713 | D:1      | Reached skill level 3 in Charms
  1007 | D:2      | Gained mutation: You have a pair of small antennae on your head. [demonic ancestry]
  1007 | D:2      | Reached XP level 3. HP: 27/27 MP: 6/6
  1033 | D:2      | Learned a level 2 spell: Shroud of Golubria
  1849 | D:2      | Found a runed door.
  1890 | D:2      | Noticed Crazy Yiuf
  2236 | D:3      | Noticed Terence
  2263 | D:3      | Killed Terence
  2263 | D:3      | Reached skill level 3 in Maces & Flails
  2263 | D:3      | Reached skill level 2 in Armour
  2263 | D:3      | Reached skill level 1 in Translocations
  2263 | D:3      | Reached XP level 4. HP: 28/33 MP: 3/7
  2391 | D:3      | Noticed Natasha
  2415 | D:3      | Killed Natasha
  2603 | D:3      | Found a bloodstained altar of Trog.
  2655 | D:3      | Gained mutation: You have a somewhat thin skeletal structure. (Dex +2, Stealth) [demonic ancestry]
  2655 | D:3      | Reached XP level 5. HP: 33/38 MP: 3/8
  2887 | D:3      | Noticed Natasha
  3091 | D:3      | Identified a potion of resistance
  3104 | D:3      | Found a stormy altar of Qazlal.
  3104 | D:3      | Found a faded altar of an unknown god.
  3111 | D:3      | Found a faded altar of an unknown god.
  3118 | D:3      | Found a faded altar of an unknown god.
  3119 | D:3      | Found a faded altar of an unknown god.
  3135 | D:3      | Became a worshipper of Jiyva Joguol the Shapeless
  3135 | D:3      | Reached * piety under Jiyva
  3154 | D:3      | Noticed no0bjke's ghost (amateur FoGl)
  3176 | D:3      | Killed no0bjke's ghost
  3176 | D:3      | Reached skill level 4 in Maces & Flails
  3176 | D:3      | Reached skill level 2 in Translocations
  3176 | D:3      | Gained mutation: You have a pair of antennae on your head. [demonic ancestry]
  3176 | D:3      | Reached XP level 6. HP: 17/44 MP: 2/9
  3261 | D:3      | Killed Natasha
  3486 | D:4      | Noticed Edmund
  3520 | D:4      | Killed Edmund
  3520 | D:4      | Reached skill level 3 in Armour
  3540 | D:4      | Reached ** piety under Jiyva
  3731 | D:4      | Reached skill level 5 in Maces & Flails
  3846 | D:4      | Reached *** piety under Jiyva
  3927 | D:4      | Gained mutation: You have large cloven feet. [Jiyva's grace]
  4036 | D:4      | Gained mutation: When hurt, damage is shared between your health and your magic reserves. [demonic ancestry]
  4036 | D:4      | Reached XP level 7. HP: 20/50 MP: 5/10
  4137 | D:4      | Found a blossoming altar of Fedhas.
  4460 | D:5      | Entered Level 5 of the Dungeon
  4533 | D:5      | Reached skill level 3 in Translocations
  4694 | D:5      | Gained mutation: Your muscles are strong. (Str +2) [Jiyva's grace]
  4696 | D:5      | Reached **** piety under Jiyva
  4704 | D:5      | HP: 5/50 [poisoned by a gnoll sergeant]
  4707 | D:5      | HP: 2/50 [poisoned by a gnoll sergeant]
  4717 | D:5      | Reached skill level 1 in Shields
  4717 | D:5      | Reached skill level 1 in Evocations
  4914 | D:5      | Killed Prince Ribbit
  4940 | D:5      | Reached ***** piety under Jiyva
  4943 | D:5      | Gained mutation: You are resistant to hostile enchantments. (MR+) [Jiyva's grace]
  4990 | D:5      | Got a bloodstained hand axe
  4991 | D:5      | Identified the +5 hand axe of Hospitality {protect, +Inv rF+ Int+3 SInv} (You found it on level 5 of the Dungeon)
  5255 | D:6      | Slain by an ogre

Vanquished Creatures
  The ghost of no0bjke the Chopper, an amateur FoGl (D:3)
  Edmund (D:4)
  An ogre (D:5)
  A gnoll sergeant (D:5)
  A scorpion (D:4)
  A howler monkey (D:5)
  A bullfrog skeleton (D:4)
  An orc priest (D:6)
  Terence (D:3)
  Natasha (D:3)
  4 orc wizards
  A worker ant (D:5)
  4 gnolls
  3 adders
  2 oozes (D:1)
  4 worms
  A leopard gecko (D:5)
  15 orcs
  6 bats
  5 giant cockroaches
  9 goblins
  5 hobgoblins
  2 quokkas
  2 frilled lizards
  A jackal zombie (D:5)
  13 kobolds
  3 rats
90 creatures vanquished.

Vanquished Creatures (others)
  Prince Ribbit (D:5)
  A scorpion (D:4)
  4 jellies (D:5)
  A crimson imp (D:5)
  An orc priest (D:5)
  An orc wizard (D:5)
  Natasha (D:3)
  3 worker ants
  3 adders (D:4)
  A leopard gecko (D:4)
  6 orcs
  5 bats (D:4)
  A frilled lizard (D:5)
  A quokka zombie (D:5)
  4 fungi (D:4)
34 creatures vanquished.

Grand Total: 124 creatures vanquished
